 Dungeon Crawl Stone Soup version 0.29.1-2-gbd0b4ee654 (webtiles) character file.

Game seed: 7067560687476169983

6666 sanboga the Cleaver (level 10, -8/84 HPs)
             Began as a Minotaur Monk on Nov 17, 2022.
             Was an Elder of Hepliaklqana.
             Mangled by zeram's ghost (17 damage)
             ... on level 9 of the Dungeon.
             The game lasted 00:13:58 (9862 turns).

sanboga the Cleaver (Minotaur Monk)                 Turns: 9862, Time: 00:13:59

Health: -8/84      AC: 19    Str: 20    XL:     10   Next: 73%
Magic:  0/9        EV: 12    Int:  7    God:    Hepliaklqana [****..]
Gold:   480        SH:  0    Dex: 20    Spells: 9/9 levels left

rFire   + . .      SeeInvis .   B - +2 hand axe (flame)
rCold   . . .      Faith    .   (no shield)
rNeg    . . .      Spirit   +   z - +3 plate armour
rPois   .          Reflect  .   (helmet unavailable)
rElec   .          Harm     .   (no cloak)
rCorr   +          Rampage  .   (no gloves)
Will    .....                   F - +1 pair of boots of Noughts and Crosses {rF+ Dex+7}
Stlth   ..........              s - amulet of guardian spirit
HPRegen 0.24/turn               k - +4 ring of evasion
MPRegen 0.11/turn               o - ring of resist corrosion

@: no status effects
A: reduced essence, horns 3, retaliatory headbutt
a: Renounce Religion, Recall Ancestor, Ancestor Identity, Transference, Idealise


You were on level 9 of the Dungeon.
You worshipped Hepliaklqana.
Hepliaklqana was greatly pleased with you.
You visited 2 branches of the dungeon, and saw 10 of its levels.

You collected 678 gold pieces.
You spent 198 gold pieces at shops.

Inventory:

Hand Weapons
 j - a +1 antimagic hand axe
 B - a +2 hand axe of flaming (weapon)
Armour
 y - the +0 pair of boots of Sorcery {Str+6}
   (You found it on level 6 of the Dungeon)

   Str:       It affects your strength (+6).
 z - a +3 plate armour (worn)
 F - the +1 pair of boots of Noughts and Crosses (worn) {rF+ Dex+7}
   (You found it on level 9 of the Dungeon)

   Dex:       It affects your dexterity (+7).
   rF:        It protects you from fire.
Jewellery
 i - a ring of protection from cold
 k - a +4 ring of evasion (left hand)
 o - a ring of resist corrosion (right hand)
 q - a ring of see invisible
 s - an amulet of guardian spirit (around neck)
 E - the ring "Ucryitraco" {Fire rElec}
   (You found it on level 9 of the Dungeon)

   [ring of fire]

   It enhances your fire magic.
   rF:        It protects you from fire.
   rC:        It makes you vulnerable to cold.
   rElec:     It insulates you from electricity.
Wands
 u - a wand of quicksilver (21)
 A - a wand of charming (17)
 C - a wand of digging (5)
Scrolls
 a - a scroll of torment {unknown}
 d - 2 scrolls of identify {unknown}
 e - a scroll of teleportation
 f - a scroll of immolation {unknown}
 g - 5 scrolls of noise {unknown}
 h - a scroll of acquirement {unknown}
 l - a scroll of amnesia {unknown}
 m - a scroll of summoning {unknown}
 n - 2 scrolls of poison {unknown}
 p - a scroll of brand weapon {unknown}
 r - a scroll of butterflies {unknown}
 v - a scroll of vulnerability {unknown}
 x - a scroll of blinking {unknown}
Potions
 b - a potion of haste
 c - a potion of ambrosia
 t - a potion of heal wounds {unknown}
 w - a potion of brilliance
 D - 2 potions of curing


   Skills:
 + Level 10.5 Fighting
 * Level 14.1 Axes
 + Level 9.8 Armour
 - Level 3.2 Dodging
 - Level 1.5 Stealth


You had 9 spell levels left.
You didn't know any spells.
Your spell library contained the following spells:

 Spells                   Type           Power      Damage    Failure   Level
 Blink                    Tloc           0%         N/A       100%        2
 Ensorcelled Hibernation  Hex/Ice        0%         N/A       100%        2
 Passwall                 Tmut/Erth      0%         N/A       100%        2
 Conjure Flame            Conj/Fire      0%         6-21      100%        3
 Lesser Beckoning         Tloc           0%         N/A       100%        3
 Swiftness                Air            0%         N/A       100%        3
 Animate Dead             Necr           0%         N/A       100%        4
 Sticky Flame             Conj/Fire      0%         2d3       100%        4
 Manifold Assault         Tloc           0%         N/A       100%        5


Dungeon Overview and Level Annotations

Branches:
Dungeon (9/15)             Temple (1/1) D:4
   Lair: D:8-11         Orc: D:9-12

Altars:
Ashenzari
Cheibriados
Dithmenos
Elyvilon
Fedhas
Gozag
Hepliaklqana
Kikubaaqudgha
Makhleb
Nemelex Xobeh
Okawaru
Qazlal
Ru
Sif Muna
Trog
Uskayaw
Vehumet
Wu Jian
Xom
Zin
The Shining One

Shops:
D:4 !   D:9 (

Annotations:
D:9 zeram's ghost, journeyman HOFi


Innate Abilities, Weirdness & Mutations

Your life essence is reduced to manifest your ancestor. (-10% HP)
You have a pair of large horns on your head.
You reflexively headbutt those who attack you in melee.


Message History

You miss the ufetubus. Zeram's ghost hits you!
* * * LOW HITPOINT WARNING * * *
You barely miss zeram's ghost. You headbutt zeram's ghost!
Zeram's ghost is almost destroyed.
You hit the ufetubus. You burn the ufetubus. You hit the ufetubus.
You burn the ufetubus.
The ufetubus hits you but does no damage.
The ufetubus barely misses you. x2; You furiously retaliate!
You headbutt the ufetubus. The ufetubus barely misses you.
You hit zeram's ghost but do no damage. Your headbutt misses zeram's ghost.
Zeram's ghost is almost destroyed.
You hit the ufetubus. You burn the ufetubus.
You kill the ufetubus!
The ufetubus disappears in a puff of smoke!
You hit the ufetubus but do no damage.
The ufetubus hits you but does no damage. x2
Zeram's ghost completely misses you.
The ynoxinul gestures.
You hit zeram's ghost but do no damage. Your headbutt misses zeram's ghost.
Zeram's ghost is almost destroyed.
You barely miss the ufetubus. You hit the ufetubus. You burn the ufetubus.
You kill the ufetubus!
The ufetubus disappears in a puff of smoke!
The ufetubus barely misses you.
The ufetubus hits you but does no damage.
Zeram's ghost misses you.
You hit zeram's ghost. You burn zeram's ghost.
Zeram's ghost is almost destroyed.
You hit the ufetubus. You burn the ufetubus.
You kill the ufetubus!
The ufetubus disappears in a puff of smoke!
You slash the ynoxinul! You burn the ynoxinul. You hit zeram's ghost.
You burn zeram's ghost. You headbutt zeram's ghost.
Zeram's ghost is almost destroyed.
You hit the ufetubus but do no damage. You slash the ynoxinul!
You burn the ynoxinul.
You kill the ynoxinul!
The ufetubus disappears in a puff of smoke! x4
Zeram's ghost hits you!!
You die...

.....##..#...#.....#.............
.....##.!#...#∩...∩#.....#'##....
.....##..#...#..P..#.....#..#....
.....##..#...#∩...∩#.....#..#....
.....##..#...#.....#.....#..#.##.
.....##..#...#∩§§..#.....#..#....
.....##..#...###§###.....#..#....
#######..'......W§.......#..#....
......#..#.....§@§....#######.##.
####..#..#.##.......#... #.##. #
##..#.)#.##..####.# . '.##.
###...#..#.##.... .# #####....
##8.8.8..#.##..... # #......##
...⌠.⌠...#.##....... ...#....#.##
##8.∩.8..#.......... .....[......
##.⌠.⌠...# ..#####.# ######.####
#8.8.8### #...##


You could see zeram's ghost.

Vanquished Creatures
  A deep elf pyromancer (D:9)
  A cyclops (D:9)
  A ynoxinul (D:9)
  A vampire (D:9)
  4 yaks (D:9)
  Edmund (D:3)
  An acid dragon (D:9)
  2 water moccasins
  An ice beast (D:6)
  2 orc warriors (D:6)
  A sky beast (D:8)
  A black bear (D:4)
  2 ogres (D:6)
  3 centaurs
  A bullfrog (D:7)
  2 necrophages
  2 gnoll sergeants (D:9)
  2 wights (D:6)
  5 killer bees
  A howler monkey (D:8)
  2 jellies
  The ghost of kingsuperguy the Covert, a weakling SpDe of Elyvilon (D:6)
  2 hounds (D:5)
  4 orc priests
  2 gnoll boudas
  3 iguanas
  Natasha (thrice) (D:2)
  8 orc wizards
  9 adders
  20 gnolls
  2 white imps
  An ufetubus (D:6)
  4 dart slugs
  31 orcs
  5 ball pythons
  2 bats
  3 endoplasms (D:1)
  2 giant cockroaches
  7 goblins
  9 hobgoblins
  10 jackals
  3 frilled lizards
  15 kobolds
  3 rats
186 creatures vanquished.

Vanquished Creatures (collateral kills)
  A wolf spider (D:9)
  Joseph (D:8)
  Prince Ribbit (D:5)
  A steam dragon (D:7)
  An acid dragon (D:9)
  A water moccasin (D:8)
  A sky beast (D:6)
  A black bear (D:4)
  2 ice beasts
  2 kobold brigands
  A necrophage (D:5)
  A wight (D:6)
  A howler monkey (D:8)
  A jelly (D:5)
  A hound (D:5)
  3 orc wizards
  3 gnolls
  8 orcs
31 creatures vanquished.

Vanquished Creatures (others)
  3 hexers
  8 fungi (D:9)
  8 plants
19 creatures vanquished.

Grand Total: 236 creatures vanquished

Notes
Turn   | Place    | Note
-------+----------+-------------------------------------------
     0 | D:1      | sanboga the Minotaur Monk began the quest for the Orb.
     0 | D:1      | Reached XP level 1. HP: 19/19 MP: 0/0
   320 | D:1      | Reached skill level 4 in Axes
   345 | D:1      | Reached XP level 2. HP: 27/27 MP: 1/1
   463 | D:1      | Reached skill level 1 in Armour
   948 | D:2      | Found a faded altar of an unknown god.
  1073 | D:2      | Noticed Natasha
  1080 | D:2      | Noticed a crimson imp
  1080 | D:2      | Killed Natasha
  1081 | D:2      | Reached XP level 3. HP: 26/33 MP: 0/2
  1162 | D:2      | Reached XP level 4. HP: 40/40 MP: 1/3
  1182 | D:2      | Reached skill level 5 in Axes
  1285 | D:2      | Noticed Natasha
  1289 | D:2      | Killed Natasha
  1303 | D:2      | Noticed Natasha
  1309 | D:2      | Killed Natasha
  1412 | D:2      | Reached XP level 5. HP: 46/47 MP: 1/4
  1917 | D:3      | Found a faded altar of an unknown god.
  1923 | D:3      | Found a glowing golden altar of the Shining One.
  2139 | D:3      | Reached skill level 6 in Axes
  2537 | D:3      | Found a stormy altar of Qazlal.
  2605 | D:4      | Noticed Edmund
  2605 | D:4      | Found Wigreg's Distillery.
  2607 | D:4      | Gained mutation: You have a pair of large horns on your
                  | head. [potion of mutation]
  2626 | D:3      | Killed Edmund
  2627 | D:3      | Reached skill level 5 in Fighting
  2627 | D:3      | Reached XP level 6. HP: 13/56 MP: 0/5
  2883 | D:4      | Bought a potion of haste for 110 gold pieces
  3056 | D:4      | Found a staircase to the Ecumenical Temple.
  3071 | Temple   | Entered the Ecumenical Temple
  3153 | Temple   | Became a worshipper of Hepliaklqana the Forgotten
  3153 | Temple   | Reached * piety under Hepliaklqana
  3153 | Temple   | Reached ** piety under Hepliaklqana
  3161 | Temple   | Remembered your ancestor Ronald Of Donald as a hexer
  3200 | D:4      | Reached skill level 7 in Axes
  3282 | D:4      | Reached XP level 7. HP: 51/55 MP: 2/6
  3580 | D:4      | Got Douro's Omnibus of Injurious Evil Magic
  3772 | D:4      | Found a blossoming altar of Fedhas.
  3960 | D:5      | Entered Level 5 of the Dungeon
  4007 | D:5      | Found a large runed translucent door.
  4067 | D:5      | Found a large runed translucent door.
  4135 | D:4      | Bought a potion of magic for 88 gold pieces
  4142 | D:5      | Noticed Prince Ribbit
  4157 | D:5      | Killed Prince Ribbit
  4158 | D:5      | Reached skill level 8 in Axes
  4348 | D:5      | Found a radiant altar of Vehumet.
  4364 | D:5      | Found a sparkling altar of Nemelex Xobeh.
  4413 | D:5      | Reached skill level 5 in Armour
  4644 | D:5      | Reached XP level 8. HP: 63/63 MP: 2/7
  4833 | D:5      | Found a burning altar of Makhleb.
  4839 | D:5      | Reached skill level 9 in Axes
  4843 | D:5      | Found a shadowy altar of Dithmenos.
  5157 | D:6      | Reached *** piety under Hepliaklqana
  5420 | D:6      | Reached skill level 10 in Axes
  5755 | D:6      | Reached XP level 9. HP: 72/72 MP: 2/8
  5803 | D:6      | Found a runed translucent gate.
  5803 | D:6      | Found a runed translucent gate.
  5806 | D:6      | Noticed kingsuperguy's ghost (weakling SpDe)
  5807 | D:6      | Found a runed translucent gate.
  6158 | D:6      | Killed kingsuperguy's ghost
  6169 | D:6      | Reached skill level 11 in Axes
  6180 | D:6      | Identified the +0 pair of boots of Sorcery {Str+6}
  7410 | D:8      | Reached skill level 12 in Axes
  7513 | D:8      | Found a broken altar of Ashenzari.
  7541 | D:8      | Reached **** piety under Hepliaklqana
  7582 | D:8      | Noticed Joseph
  8051 | D:8      | Killed Joseph
  8052 | D:8      | Reached XP level 10. HP: 23/81 MP: 1/9
  8558 | D:9      | Noticed a wolf spider
  9055 | D:9      | Found a sacrificial altar of Ru.
  9067 | D:9      | Reached skill level 13 in Axes
  9069 | D:9      | Killed a wolf spider
  9070 | D:9      | Reached skill level 10 in Fighting
  9401 | D:9      | Identified the +1 robe "Helum" {Rampage Str+3}
  9403 | D:9      | Identified the ring "Ucryitraco" {Fire rElec}
  9405 | D:9      | Identified the +1 pair of boots of Noughts and Crosses {rF+
                  | Dex+7}
  9461 | D:9      | Noticed a cyclops
  9472 | D:9      | Killed a cyclops
  9640 | D:9      | Found a runed translucent door.
  9640 | D:9      | Noticed zeram's ghost (journeyman HOFi)
  9802 | D:9      | Found Kyisan's Weapon Boutique.
  9810 | D:9      | Noticed a deep elf pyromancer
  9821 | D:9      | Killed a deep elf pyromancer
  9822 | D:9      | Reached skill level 14 in Axes
  9862 | D:9      | Mangled by zeram's ghost

Illustrated notes

Levels and vault maps discovered:
D:1:      sevenhm_arrival_forest_fort_large_2, layout_basic
D:2:      layout_loops_cross, nicolae_ecumenical_pavilion,
          minmay_misc_feat_tiny, minmay_close_crescents, uniq_natasha
D:3:      cheibrodos_old_hovel, layout_basic, nicolae_qazlal_eye_of_the_storm,
          nicolae_overflow_ecumenical_swirl
D:4:      minmay_general_purpose_star, layout_basic, fedhas_ov_isle_minmay,
          minmay_temple_entry_stoned_glass, serial_shops, nicolae_stop_n_shop_2,
          hex_medium, uniq_edmund
D:5:      cheibrodos_thug_alley, layout_basic, kennysheep_mini_moat,
          jmf_multi_god_temple2, mainiacjoe_overflow_24_doors,
          uniq_prince_ribbit1
D:6:      layout_loops_ring, biasface_ghost_orc_armoury, minmay_holes
D:7:      layout_loops_ring, nicolae_concentric_dashed_squares_wild,
          nicolae_elevator_lobby_asterisk
D:8:      layout_loops_ring, mainiacjoe_overflow_cross_hatched,
          minmay_sticks_and_stones
D:9:      layout_stronghold, mainiacjoe_overflow_boulevard, serial_shops,
          nicolae_shop_temple_entry_statues_fountains, hellmonk_ghost_big_iron,
          minmay_the_grid_2x2 [minmay_the_grid_dragon_a,
          minmay_the_grid_square_x, minmay_the_grid_tiny_cups,
          minmay_the_grid_prize_diamond_cup]
Temple:   nicolae_temple_bog_church

Skill      XL: |  1  2  3  4  5  6  7  8  9 10 |
---------------+-------------------------------+-----
Axes           | 4 5 6 7 8 10 12 14 | 14.1
Armour         | 1 2 3 4 5 6 8 9 |  9.8
Fighting       | 4 5 6 8 9 10 | 10.5
Dodging        | |  3.2
Stealth        | |  1.5

Action                   |  1- 3 |  4- 6 |  7- 9 | 10-12 || total
-------------------------+-------+-------+-------+-------++-------
Melee: Hand axe          |    56 |   100 |   295 |   111 ||   562
       Headbutt          |    10 |    22 |    53 |    26 ||   111
       Punch             |       |       |     2 |       ||     2
Invok: Ancestor Life: He |       |     1 |       |       ||     1
       Ancestor Identity |       |     1 |       |       ||     1
Evoke: Wand              |       |       |       |     1 ||     1
  Use: Potion            |       |     7 |     2 |     1 ||    10
       Scroll            |       |     1 |     2 |       ||     3
 Stab: Confused          |       |       |     7 |     5 ||    12
       Distracted        |       |       |     3 |     1 ||     4
Armor: Scale mail        |    21 |    12 |       |       ||    33
       Chain mail        |       |    34 |    47 |       ||    81
       Plate armour      |       |       |    85 |    37 ||   122
Dodge: Dodged            |    38 |    50 |   182 |    39 ||   309
